 Dungeon Crawl Stone Soup version 0.31-a0-799-g6bc09d010c (webtiles) character file.

Game seed: 12585511517661926487

2 Zxelo the Grave Robber (level 1, 0/13 HPs)
             Began as a Mummy Necromancer on Sept 19, 2023.
             Slain by a ball python (1 damage)
             ... on level 1 of the Dungeon.
             The game lasted 00:02:03 (116 turns).

Zxelo the Grave Robber (Mummy Necromancer)           Turns: 116, Time: 00:02:04

Health: 0/13       AC:  5    Str: 11    XL:     1   Next: 33%
Magic:  4/4        EV:  7    Int: 14    God:
Gold:   0          SH:  0    Dex: 12    Spells: 4/5 levels left

rFire   x . .        (no weapon)
rCold   + . .        (no shield)
rNeg    + + +        c - +0 ring mail
rPois   ∞            (no helmet)
rElec   .            (no cloak)
rCorr   .            (no gloves)
SInv    .            (no boots)
Will    .....        (no amulet)
Stlth   +            (no ring)
HPRegen 0.22/turn    (no ring)
MPRegen 0.09/turn

%: faith
@: constricted
A: cold resistance 1, negative energy resistance 3, torment resistance 2, heat
vulnerability 1, in touch with death 1, no potions, faith
a: no special abilities


You were on level 1 of the Dungeon.
You visited 1 branch of the dungeon, and saw 1 of its levels.

Inventory:

Hand Weapons
 a - a +0 dagger
 b - a +0 dagger
Armour
 c - a +0 ring mail (worn)


   Skills:
 + Level 1.5 Dodging
 + Level 1.5 Stealth
 + Level 2.6 Spellcasting
 + Level 4.1 Necromancy


You had 4 spell levels left.
You knew the following spells:

 Your Spells              Type           Power      Damage    Failure   Level
a - Necrotise             Necr           80%        1d8       10%         1

Your spell library contained the following spells:

 Spells                   Type           Power      Damage    Failure   Level
 Vampiric Draining        Necr           20%        2d7       30%         3
 Animate Dead             Necr           20%        N/A       69%         4
 Agony                    Necr           20%        N/A       95%         5


Dungeon Overview and Level Annotations

Branches:
Dungeon (1/15)

Altars:


Innate Abilities, Weirdness & Mutations

You are immune to poison.
Your flesh is cold resistant. (rC+)
You are immune to negative energy. (rN+++)
You are immune to unholy pain and torment.
You are vulnerable to heat. (rF-)
You are in touch with the powers of death.
You do not drink.
You have a special connection with the divine. (Faith)


Message History

The ball python bites you but does no damage.
The ball python constricts you.
You closely miss the hobgoblin.
The hobgoblin hits you but does no damage.
The ball python barely misses you. The ball python constricts you.
You closely miss the hobgoblin.
The ball python bites you but does no damage.
The ball python constricts you. The hobgoblin hits you.
The giant cockroach waves its antennae.
You hit the hobgoblin but do no damage. The ball python barely misses you.
The ball python constricts you. The hobgoblin barely misses you.
The giant cockroach closely misses you. The ball python bites you.
The ball python constricts you.
You hit the hobgoblin but do no damage. The hobgoblin barely misses you.
The giant cockroach bites you but does no damage.
The ball python bites you but does no damage.
The ball python constricts you.
You completely miss the hobgoblin. The hobgoblin barely misses you.
The giant cockroach bites you but does no damage.
The ball python bites you. The ball python constricts you.
You hit the hobgoblin.
The hobgoblin is moderately wounded.
The giant cockroach closely misses you. The hobgoblin completely misses you.
The ball python closely misses you. The ball python constricts you.
You barely miss the hobgoblin.
The hobgoblin is moderately wounded.
The giant cockroach bites you.
* * * LOW HITPOINT WARNING * * *
The ball python bites you but does no damage.
The ball python constricts you. The hobgoblin barely misses you.
The giant cockroach bites you but does no damage.
You hit the hobgoblin but do no damage.
The hobgoblin is moderately wounded.
The ball python bites you but does no damage.
The ball python constricts you.
* * * LOW HITPOINT WARNING * * *
The hobgoblin hits you.
* * * LOW HITPOINT WARNING * * *
The giant cockroach barely misses you. The ball python bites you.
You die...

,*,,* *,,,* *,,*,,*,** ,*,,**
#...* *,,,,,*,** ,*,,,**
####...##*## **,,**,,,**
,*,*,,**##.......##.# *,,,,,,,,,,
,*,**,,.............##**,,**,,***
,*,**,...............,,,,,**,,,**
,*,**,.............###****,,,,,,,
,*,**,,.........B....#..,*,*,*,*,
,*,,,,,.........@#.#....,,,,,,,,,
,***,,,,,#.....Sg.......,,,*,*,*,
,,,,,,,,,#.......#.#......,,,,,,,
,****,,*,#.#...............*,*,*,
,* *,,*,#,#.......#.......,,,,,,
####*,,*,*,#.......+.......*,*,*,
≈≈≈#*,,*,*,#......>#......,,,,,,,
##≈#*,,*,*,#..............,,,,,,,
<#≈#**,,,#...##.#.#.#.##*********


You could see a giant cockroach, a hobgoblin and a ball python.

Vanquished Creatures
  3 kobolds (D:1)
3 creatures vanquished.

Notes
Turn   | Place    | Note
-------+----------+-------------------------------------------
     0 | D:1      | Zxelo the Mummy Necromancer began the quest for the Orb.
     0 | D:1      | Reached XP level 1. HP: 13/13 MP: 4/4
   116 | D:1      | Slain by a ball python

Illustrated notes

Levels and vault maps discovered:
D:1:      heliophobic_arrival_glass_houses, layout_basic,
          serial_co_window_serial, co_window_of_opportunity_a,
          co_window_cross_1, co_window_paths_a, co_window_of_opportunity_a,
          co_window_paths_a, co_window_of_opportunity_b, co_window_broadway_a,
          co_window_corner_ca, co_window_corner_cb, co_window_4corner_b,
          co_window_paths_d, glass_columns_a, glass_columns_c, glass_columns_b,
          glass_columns_c, minmay_tall_x

Action                     || total
---------------------------++-------
  Melee: Unarmed           ||    26
    Use: Scroll            ||     1
 Armour: Ring mail         ||    19
         Skin              ||     5
         Robe              ||     4
  Dodge: Dodged            ||    21

Table legend: (Time is in decaauts)
 A = Elapsed time spent in this place.
 B = Non-inter-level travel time spent in this place.
 C = Inter-level travel time spent in this place.
 D = Time resting spent in this place.
 E = Time spent auto-exploring this place.
 F = Levels seen in this place.
 G = Mean time per level.
                   A        B        C        D        E       F      G
               +--------+--------+--------+--------+--------+-----+--------+
         Total |    116 |     76 |     40 |      0 |      0 |   1 |  116.0 |
       Dungeon |    116 |     76 |     40 |      0 |      0 |   1 |  116.0 |
               +--------+--------+--------+--------+--------+-----+--------+

Top non-repeatable levels by time:
     D:1: 116 daAuts
